AoeStats
← A.Raziel

Arabia

505911116Analyzed
1v1 RM · 22d ago on Sep 11, 2026· 54m 5s· 2 players
Game mode
Random Map
Map size
Tiny (2 player)
Population
200
Speed
Normal
Resources
Standard
Victory
Conquest
Starting age
Dark Age
Ending age
Imperial Age
RankedLock teamsTeams togetherTeam positionsShared explorationLock speedFull tech treeHidden civsTurbo modeCheats
Victory
Defeat
🇲🇽 Magyars · Mexico
1285
+17
🇹🇷 Ethiopians · Türkiye
1309
-17
A.Raziel
5:57 Loom
6:05 Loom
8:30 Feudal Age
9:13 Double-Bit Axe
12:46 Town Watch
15:14 Fletching
18:08 Wheelbarrow
18:01 Padded Archer Armor
21:33 Castle Age
20:39 Padded Archer Armor
20:50 Scale Barding Armor
20:51 Padded Archer Armor
20:42 Horse Collar
20:54 Gold Mining
22:12 Bloodlines
23:10 Bow Saw
35:48 Heavy Plow
39:58 Imperial Age
37:08 Light Cavalry
38:27 Hand Cart
38:55 Chain Barding Armor
38:56 Stone Mining
39:56 Husbandry
40:11 Hussar
41:58 Plate Barding Armor
42:03 Conscription
43:46 Thumb Ring
44:00 Bodkin Arrow
44:26 Ballistics
48:07 Bracer
49:08 Chemistry
49:16 Leather Archer Armor
49:30 Parthian Tactics
49:07 Heavy Cavalry Archer
51:09 Careening
53:05 Ring Archer Armor
gonzavertigo
6:17 Loom
9:11 Feudal Age
9:42 Double-Bit Axe
13:49 Man-at-Arms
17:16 Padded Archer Armor
18:07 Fletching
23:33 Castle Age
22:50 Gold Mining
23:36 Crossbowman
24:12 Bodkin Arrow
25:52 Ballistics
26:17 Bow Saw
27:08 Leather Archer Armor
29:05 Stone Mining
31:39 Gold Shaft Mining
35:38 Wheelbarrow
35:32 Thumb Ring
36:02 Town Watch
39:09 Imperial Age
39:25 Hand Cart
39:42 Squires
39:53 Forging
39:44 Scale Mail Armor
39:49 Horse Collar
41:12 Iron Casting
40:17 Arbalester
41:04 Halberdier
43:05 Conscription
43:50 Chain Mail Armor
45:46 Plate Mail Armor
49:25 Two-Man Saw
51:13 Chemistry
51:36 Blast Furnace
Connection lost

Rejoining the realm…

Still unreachable

The connection could not be restored.

Session expired

The server has moved on; the page needs a fresh start.